 Dungeon Crawl Stone Soup version 0.18-a0-921-g28655ce (webtiles) character file.

445087 Duffy the Evocator (level 25, -5/204 HPs)
             Began as a Formicid Gladiator on Dec 27, 2015.
             Was the Champion of Ashenzari.
             Slain by a tentacled monstrosity (7 damage)
             ... on level 5 of the Vaults.
             The game lasted 02:12:06 (64829 turns).

Duffy the Evocator (Formicid Gladiator)            Turns: 64829, Time: 02:12:06

Health: -5/204     AC: 44    Str: 29    XL:     25   Next: 68%
Magic:  0/38       EV: 27    Int:  9    God:    Ashenzari [******]
Gold:   3031       SH: 14    Dex: 23    Spells: 3 memorised, 29 levels left

rFire  + + +     SeeInvis +     G - +3 Elemental Staff {rElec rF++ rC++ MR++ AC+5} (curse)
rCold  + + +     Gourm    .     N - +6 chain mail "Fiugoisy" {rElec} (curse)
rNeg   . . .     Faith    .     A - +0 shield {reflect} (curse)
rPois  +         Spirit   +     (helmet unavailable)
rElec  +         Dismiss  .     F - +2 cloak (curse)
rCorr  +         Reflect  +     W - +2 pair of gloves (curse)
SustAt .         Harm     .     q - +2 pair of boots (curse)
MR     ++++.     Clarity  +     n - amulet of guardian spirit (curse)
Stlth  ..........               S - +4 ring of protection (curse)
                                t - ring of invisibility (curse)

@: mighty, agile, resistant, constricted, incredibly resistant to hostile
enchantments, extremely unstealthy
A: permanent stasis, dig shafts and tunnels, four strong arms, antennae 3
a: Dig, Shaft Self, Scrying, Transfer Knowledge, Renounce Religion, Evoke
Invisibility
}: 1/15 runes: barnacled


You were on level 5 of the Vaults.
You worshipped Ashenzari.
Ashenzari was exalted by your worship.
You were not hungry.

You visited 8 branches of the dungeon, and saw 44 of its levels.
You visited 2 bazaars.
You also visited: Bailey and Ice Cave.

You collected 4870 gold pieces.
You spent 1839 gold pieces at shops.


Innate Abilities, Weirdness & Mutations

You are under a permanent stasis effect.
You can dig through walls and to a lower floor.
Your four strong arms can wield two-handed weapons with a shield.
You have a pair of large antennae on your head (SInv).


   Skills:
 - Level 18.0 Fighting
 - Level 12.0(14.7) Staves
 - Level 2.0 Throwing
 - Level 19.4(24.2) Armour
 - Level 17.0 Dodging
 - Level 7.0(10.1) Shields
 - Level 6.0 Spellcasting
 - Level 8.0(12.4) Charms
 - Level 8.0(12.4) Necromancy
 - Level 9.2(13.5) Air Magic
 + Level 22.2(26.7) Evocations


You had 29 spell levels left.
You knew the following spells:

 Your Spells              Type           Power        Failure   Level  Hunger
a - Regeneration          Chrm/Necr      ####......   1%          3    ###....
w - Swiftness             Chrm/Air       ####....     1%          2    ##.....
M - Repel Missiles        Chrm/Air       ####..       1%          2    ##.....

Inventory:

Hand Weapons
 G - the cursed +3 Elemental Staff (weapon) {rElec rF++ rC++ MR++ AC+5}

   It affects your AC (+5).
   It greatly protects you from fire.
   It greatly protects you from cold.
   It insulates you from electricity.
   It affects your resistance to hostile enchantments.
   It has a curse placed upon it.
 J - a cursed +9 vampiric lajatang
Missiles
 c - 9 throwing nets (quivered)
Armour
 q - a cursed +2 pair of boots (worn)
 A - a cursed +0 shield of reflection (worn)
 F - a cursed +2 cloak (worn)
 N - the cursed +6 chain mail "Fiugoisy" (worn) {rElec}

   It insulates you from electricity.
   It has a curse placed upon it.
 W - a cursed +2 pair of gloves (worn)
Jewellery
 n - a cursed amulet of guardian spirit (around neck)
 t - a cursed ring of invisibility (left hand)
 S - a cursed +4 ring of protection (right hand)
Wands
 j - a wand of digging (13/24)
 k - a wand of disintegration (7/24)
 w - a wand of fire (3/15)
 y - a wand of hasting (4/9)
 B - a wand of draining (4/15)
 H - a wand of invisibility (6/9)
 I - a wand of fire (6/15)
 Q - a wand of enslavement (13/24)
 U - a wand of paralysis (8/24)
 V - a wand of heal wounds (5/9)
Scrolls
 i - 7 scrolls of magic mapping
 l - a scroll of summoning
 r - 5 scrolls of fear
 s - 8 scrolls of immolation
 u - 7 scrolls of fog
 v - 11 scrolls of recharging
 z - 9 scrolls of remove curse
 C - a scroll of holy word
 K - 2 scrolls of enchant armour
 P - 12 scrolls of identify
 R - a scroll of silence
 Z - 8 scrolls of vulnerability
Potions
 a - 2 potions of agility
 d - a potion of cure mutation
 e - 7 potions of flight
 f - 19 potions of curing
 g - a potion of might
 h - 10 potions of heal wounds
 o - 3 potions of cancellation
 D - a potion of magic
 T - 2 potions of invisibility
Miscellaneous
 E - a phial of floods
 M - a stone of tremors
Comestibles
 m - 22 meat rations
 L - 8 bread rations
 X - 15 fruits

Dungeon Overview and Level Annotations

Branches:
Dungeon (15/15)            Temple (1/1) D:4            Lair (8/8) D:8
 Shoals (4/4) Lair:3        Snake (4/4) Lair:4        Slime (0/6) Lair:8
    Orc (2/2) D:9             Elf (0/3) Orc:2        Vaults (5/5) D:13
  Crypt (0/3) Vaults:2     Depths (5/5) D:15            Zot (0/5) Depths:5

Altars:
Ashenzari
Cheibriados
Dithmenos
Elyvilon
Fedhas
Gozag
Kikubaaqudgha
Makhleb
Nemelex Xobeh
Okawaru
Pakellas
Qazlal
Ru
Sif Muna
Trog
Vehumet
Xom
Yredelemnul
Zin
The Shining One
Beogh
Jiyva

Shops:
D:5 %   D:10 %   Orc:2 ::*(   Shoals:4 (   Depths:1 *

Portals:
Hell: Lair:8 Depths:1 Depths:2 Depths:3 Depths:4 Depths:5
Abyss: Depths:3 Depths:4
Pandemonium: Depths:1 Depths:3
Ziggurat: Depths:2
Trove: Depths:2 (give +5 fire dragon armour)

Annotations:
Lair:8 1 runed door, exclusion: door


Message History

The tentacled monstrosity tentacle-slaps you but does no damage.
You block the vault guard's attack. The vault guard completely misses you.
A vault warden comes into view.
It is wielding a great mace of draining.
The vault warden shouts!
You block the vault warden's attack.
The vault guard hits you but does no damage. x2
The vault guard hits you with a great mace.
The tentacled monstrosity barely misses you.
The tentacled monstrosity closely misses you.
The tentacled monstrosity tentacle-slaps you.
The tentacled monstrosity constricts you.
The tentacled monstrosity misses you.
The tentacled monstrosity tentacle-slaps you but does no damage.
The tentacled monstrosity completely misses you.
The vault guard completely misses you. You block the vault guard's attack. x2
The vault warden hits you but does no damage.
You block the tentacled monstrosity's attack.
The tentacled monstrosity barely misses you.
The tentacled monstrosity completely misses you.
The tentacled monstrosity constricts you.
The tentacled monstrosity completely misses you.
You block the tentacled monstrosity's attack.
The tentacled monstrosity tentacle-slaps you but does no damage.
The vault guard hits you but does no damage.
The vault guard closely misses you. The vault guard completely misses you.
The vault guard completely misses you.
An ettin comes into view.
It is wielding a great mace and a dire flail.
The ettin shouts in stereo!
You block the vault guard's attack.
The vault guard hits you with an enchanted great mace.
You block the tentacled monstrosity's attack.
The tentacled monstrosity tentacle-slaps you but does no damage.
The tentacled monstrosity tentacle-slaps you!
You die...

, ,*,* *,* *, , *,,*,
,* , ,*.#, #....#, *
* *,* #.#,##....# .
** * * * * *
.#.#.#....#,*.# * * ,
,* *
*,#.#.#.....#{.#.,,*
,*, , *
,#.#.#*pDH#9#.# ,* *
*, , ,*, , ,
,#.cCQpppQ*... *, , *
** *
##.#cpppppCC###*****
*** , ,
,....ppX@Xppp...,,,,,
, ,,
,,....Wpppppe...., ,
,,, ,
,,....pppppHe....,
,,,, , , , ,
....ccBpH...... , , ,
* * * ####..cpQc.p###
* * * *
,,,,,,,.....*..... ,
, , ,
,,,...#....#...#, ,*
* * ,* , ,,
....#....#..C. ,,
,,,,, ,,*, , *,, ,* ,
, , ,,,


You could see a shadow dragon, 2 tentacled monstrosities, a frost giant, 3
sphinxes, a stone giant, 3 vault wardens, 3 tengu reavers, 3 yaktaur captains, a
boulder beetle, 23 vault guards, 2 deep elf annihilators, 2 ettins, a shadow
wraith (invisible), a war gargoyle, an ironbrand convoker, 3 yaktaurs and 3
battlespheres.

Action                   |  1- 3 |  4- 6 |  7- 9 | 10-12 | 13-15 | 16-18 | 19-21 | 22-24 | 25-27 || total
-------------------------+-------+-------+-------+-------+-------+-------+-------+-------+-------++-------
Melee: Quarterstaff      |    83 |   296 |   336 |       |       |       |       |       |       ||   715
       Staff             |       |       |    29 |   541 |  1073 |  1629 |  1854 |  2049 |   611 ||  7786
Throw: Throwing net      |       |       |     1 |       |       |       |       |     2 |       ||     3
 Cast: Regeneration      |       |       |       |       |       |     5 |    51 |    35 |     3 ||    94
       Repel Missiles    |       |       |       |       |       |       |       |     1 |       ||     1
Invok: Scrying           |       |       |       |       |       |       |       |     1 |       ||     1
 Abil: Dig               |       |     2 |     4 |     8 |    11 |    39 |    17 |    20 |       ||   101
       Evoke Invisibilit |       |       |    12 |    10 |     9 |     2 |     9 |     1 |       ||    43
       Turn Visible      |       |       |     5 |     8 |     9 |     2 |     4 |     1 |       ||    29
       Shaft Self        |       |       |       |       |       |       |       |       |     1 ||     1
Evoke: Wand              |       |       |       |       |       |       |    21 |       |       ||    21
       Phial of floods   |       |       |       |       |       |       |     2 |       |       ||     2
       Stone of tremors  |       |       |       |       |       |       |     1 |       |       ||     1
  Use: Scroll            |       |       |    18 |    10 |     6 |    15 |     8 |     7 |     2 ||    66
       Potion            |       |       |     1 |       |     1 |     1 |     3 |     2 |     6 ||    14
 Stab: Invisible         |       |       |    16 |    23 |    33 |    11 |    33 |     3 |       ||   119
       Distracted        |       |       |       |       |       |       |     1 |       |       ||     1
       Held in net/web   |       |       |       |       |       |       |       |     2 |       ||     2
  Eat: Chunk             |       |    10 |    15 |    21 |    52 |    56 |    43 |    22 |     7 ||   226
       Fruit             |       |       |     8 |     4 |     2 |       |     6 |     5 |       ||    25
       Pizza             |       |       |     2 |       |       |     1 |       |     2 |       ||     5
       Royal jelly       |       |       |       |       |       |     1 |       |       |       ||     1
       Beef jerky        |       |       |       |       |       |       |       |     9 |     1 ||    10
       Bread ration      |       |       |       |       |       |       |       |     1 |     1 ||     2

Notes
Turn   | Place    | Note
--------------------------------------------------------------
     0 | D:1      | Duffy the Formicid Gladiator began the quest for the Orb.
     0 | D:1      | Reached XP level 1. HP: 16/16 MP: 1/1
   230 | D:1      | You fall through a shaft!
   342 | D:2      | Reached XP level 2. HP: 23/23 MP: 2/2
   439 | D:2      | Noticed Robin
   450 | D:1      | Killed Robin
   450 | D:1      | Reached XP level 3. HP: 26/28 MP: 3/3
   847 | D:1      | Reached skill level 3 in Fighting
  1111 | D:2      | Noticed Jessica
  1117 | D:2      | Killed Jessica
  1117 | D:2      | Reached skill level 4 in Staves
  1117 | D:2      | Reached XP level 4. HP: 33/35 MP: 4/4
  1599 | D:2      | Reached XP level 5. HP: 33/41 MP: 5/5
  1954 | D:3      | Found a shimmering altar of Xom.
  1977 | D:3      | Reached skill level 5 in Staves
  1977 | D:3      | Reached skill level 1 in Evocations
  2210 | D:3      | Reached skill level 2 in Evocations
  2448 | D:3      | Reached XP level 6. HP: 21/47 MP: 7/7
  2984 | D:3      | Found an ancient bone altar of Kikubaaqudgha.
  3077 | D:3      | Reached skill level 3 in Evocations
  3501 | D:4      | Found a burning altar of Makhleb.
  3501 | D:4      | Noticed a blizzard demon
  3909 | D:4      | Reached skill level 6 in Staves
  3909 | D:4      | Reached XP level 7. HP: 47/52 MP: 9/9
  4192 | D:4      | Noticed an orange demon
  4192 | D:4      | Noticed an orange demon
  4216 | D:4      | Reached skill level 4 in Evocations
  4829 | D:4      | Found a staircase to the Ecumenical Temple.
  4840 | Temple   | Entered the Ecumenical Temple
  5103 | Temple   | Became a worshipper of Ashenzari the Shackled
  5396 | D:5      | Entered Level 5 of the Dungeon
  5653 | D:5      | Found Niaj's Food Boutique.
  5687 | D:5      | Found a basalt altar of Yredelemnul.
  5813 | D:5      | Found a white marble altar of Elyvilon.
  5862 | D:5      | Reached skill level 5 in Evocations
  6196 | D:5      | Reached XP level 8. HP: 58/58 MP: 11/11
  6241 | D:5      | Reached skill level 7 in Staves
  6794 | D:6      | Reached skill level 6 in Evocations
  7003 | D:6      | Noticed Blork the orc
  7021 | D:6      | Killed Blork the orc
  7021 | D:6      | Reached skill level 8 in Staves
  7177 | D:6      | Found an iron altar of Okawaru.
  7543 | D:6      | Reached skill level 7 in Evocations
  7619 | D:6      | Reached XP level 9. HP: 49/63 MP: 14/14
  8008 | D:6      | Reached skill level 8 in Evocations
  8278 | D:6      | Reached skill level 9 in Staves
  8617 | D:7      | Found a flagged portal.
  8633 | Bailey   | Entered a bailey
  8642 | Bailey   | Noticed conein's ghost (novice MiFi)
  9218 | D:7      | Found an opulent altar of Gozag.
  9232 | D:7      | Reached skill level 9 in Evocations
  9308 | D:7      | Found an oddly glowing altar of Pakellas.
  9308 | D:7      | Found a blossoming altar of Fedhas.
  9542 | D:7      | Reached skill level 10 in Staves
  9674 | D:8      | Reached XP level 10. HP: 70/70 MP: 15/17
  9952 | D:8      | Found a staircase to the Lair.
  9979 | D:8      | Reached skill level 10 in Evocations
 10466 | D:8      | Reached skill level 11 in Staves
 11066 | D:9      | Found an iron altar of Okawaru.
 11188 | D:9      | Reached skill level 1 in Armour
 11258 | D:9      | Identified the +8 scythe of Mana {slice, Str+3 Dex+4}
 11339 | D:9      | Reached skill level 4 in Fighting
 11339 | D:9      | Reached skill level 2 in Armour
 11341 | D:9      | Noticed a deep elf mage
 11497 | D:9      | Killed a deep elf mage
 11497 | D:9      | Reached skill level 3 in Armour
 11508 | D:9      | Reached XP level 11. HP: 74/78 MP: 19/19
 11718 | D:9      | Reached skill level 5 in Fighting
 11718 | D:9      | Reached skill level 11 in Evocations
 11722 | D:9      | Reached skill level 4 in Armour
 11801 | D:10     | Entered Level 10 of the Dungeon
 11965 | D:10     | Reached * piety under Ashenzari
 11985 | D:10     | Found Oriz's Food Boutique.
 11998 | D:10     | Reached skill level 6 in Fighting
 12025 | D:10     | Reached skill level 5 in Armour
 12530 | D:10     | Noticed a hill giant
 12536 | D:10     | Killed a hill giant
 12536 | D:10     | Reached skill level 6 in Armour
 12547 | D:10     | Reached skill level 7 in Fighting
 12710 | D:10     | Noticed an unseen horror
 12720 | D:10     | Killed an unseen horror
 12874 | D:10     | Noticed an unseen horror
 12881 | D:10     | Killed an unseen horror
 12994 | D:10     | Reached skill level 7 in Armour
 13005 | D:10     | Reached skill level 8 in Fighting
 13040 | D:10     | Noticed Erica
 13055 | D:10     | Killed Erica
 13055 | D:10     | Reached XP level 12. HP: 88/94 MP: 18/20
 13356 | D:10     | Reached ** piety under Ashenzari
 13373 | D:10     | Noticed Nergalle
 13440 | D:10     | Killed Nergalle
 13440 | D:10     | Reached skill level 9 in Fighting
 13440 | D:10     | Reached skill level 8 in Armour
 13440 | D:10     | Reached skill level 12 in Evocations
 13717 | Lair:1   | Entered Level 1 of the Lair of Beasts
 14108 | Lair:1   | Reached skill level 1 in Shields
 14493 | Lair:1   | Identified the cursed +1 robe of Eternity {rElec Str+7 Int+4}
 14518 | Lair:1   | Reached skill level 2 in Shields
 14774 | Lair:2   | Reached *** piety under Ashenzari
 14786 | Lair:2   | Found a frozen archway.
 14792 | IceCv    | Entered an ice cave
 14848 | IceCv    | Reached skill level 3 in Shields
 14972 | IceCv    | Reached skill level 12 in Staves
 14989 | IceCv    | Reached skill level 4 in Shields
 15113 | IceCv    | Reached skill level 5 in Shields
 15142 | IceCv    | Identified the +5 ring mail of the Nexus {rC- rCorr Str+7}
 15142 | IceCv    | Reached skill level 6 in Shields
 15173 | IceCv    | Reached XP level 13. HP: 101/101 MP: 22/22
 15180 | IceCv    | Reached skill level 7 in Shields
 15254 | IceCv    | Reached skill level 3 in Dodging
 15353 | IceCv    | Reached skill level 10 in Fighting
 15508 | IceCv    | Noticed a frost giant
 15526 | IceCv    | Reached skill level 4 in Dodging
 15537 | IceCv    | Killed a frost giant
 16061 | Lair:2   | Reached skill level 5 in Dodging
 16234 | Lair:2   | Identified the +0 buckler of Reeg {rPois rCorr}
 16292 | Lair:2   | Reached skill level 13 in Evocations
 16669 | Lair:3   | Reached **** piety under Ashenzari
 17123 | Lair:3   | Reached skill level 6 in Dodging
 17409 | Lair:3   | Reached XP level 14. HP: 111/111 MP: 24/24
 17428 | Lair:3   | Found a staircase to the Shoals.
 17438 | Lair:3   | Noticed Fannar
 17460 | Lair:3   | Killed Fannar
 17730 | Lair:4   | Reached skill level 14 in Evocations
 17830 | Lair:4   | Reached skill level 7 in Dodging
 18111 | Lair:4   | Reached skill level 8 in Dodging
 18152 | Lair:4   | Reached skill level 15 in Evocations
 18375 | Lair:4   | Reached ***** piety under Ashenzari
 18398 | Lair:4   | Found a staircase to the Snake Pit.
 18437 | Lair:4   | Reached skill level 11 in Fighting
 18900 | Lair:5   | Learned a level 3 spell: Regeneration
 18958 | Lair:5   | Reached skill level 9 in Armour
 20004 | Lair:6   | Reached XP level 15. HP: 120/120 MP: 26/26
 20040 | Lair:6   | Reached skill level 12 in Fighting
 20158 | Lair:6   | Reached skill level 10 in Armour
 21131 | Lair:7   | Reached skill level 13 in Fighting
 21305 | Lair:7   | Reached ****** piety under Ashenzari
 21559 | Lair:7   | Identified the +5 long sword of Ucazudei {venom, +Fly MR++ Int-5 Stlth+}
 21700 | Lair:7   | Reached skill level 14 in Fighting
 22116 | Lair:8   | Entered Level 8 of the Lair of Beasts
 22520 | Lair:8   | Reached skill level 15 in Fighting
 22542 | Lair:8   | Found a runed door.
 22542 | Lair:8   | Found a viscous altar of Jiyva.
 22543 | Lair:8   | Found a staircase to the Slime Pits.
 22556 | Lair:8   | Found a snail-covered altar of Cheibriados.
 23120 | Lair:8   | Found a burning altar of Makhleb.
 23372 | Lair:8   | Found a gateway to Hell.
 23685 | D:9      | Reached XP level 16. HP: 136/136 MP: 27/27
 23727 | D:9      | Found a staircase to the Orcish Mines.
 23892 | D:9      | Reached skill level 9 in Dodging
 24843 | D:12     | Reached skill level 10 in Dodging
 25703 | D:13     | Found a gate to the Vaults.
 25703 | D:13     | Noticed Rupert
 25703 | D:13     | Noticed Donald
 25740 | D:13     | Found a shattered altar of Ashenzari.
 25794 | D:13     | Killed Donald
 25794 | D:13     | Reached skill level 11 in Dodging
 25826 | D:13     | Killed Rupert
 26519 | D:13     | Reached skill level 16 in Evocations
 27108 | D:14     | Found a shattered altar of Ashenzari.
 27396 | D:15     | Entered Level 15 of the Dungeon
 27654 | D:15     | Reached skill level 17 in Evocations
 27706 | D:15     | Reached XP level 17. HP: 120/142 MP: 29/29
 27801 | D:15     | Found a staircase to the Depths.
 27957 | D:15     | Found a sacrificial altar of Ru.
 28549 | D:15     | Reached skill level 16 in Fighting
 28844 | Orc:1    | Entered Level 1 of the Orcish Mines
 28862 | Orc:1    | Noticed Gastronok
 28905 | Orc:1    | Killed Gastronok
 28968 | Orc:1    | Found a roughly hewn altar of Beogh.
 29420 | Orc:2    | Entered Level 2 of the Orcish Mines
 29634 | Orc:1    | Found a roughly hewn altar of Beogh.
 29834 | Orc:2    | Found a roughly hewn altar of Beogh.
 29860 | Orc:2    | Found a staircase to the Elven Halls.
 29974 | Orc:2    | Reached skill level 17 in Fighting
 30252 | Orc:2    | Found Carurphuh's Antique Weapon Shop.
 30252 | Orc:2    | Found Caytham's Book Shop.
 30253 | Orc:2    | Found Poetis's Assorted Antiques.
 30253 | Orc:2    | Found Sikun's Book Emporium.
 30683 | Orc:2    | Bought a scroll of acquirement for 1560 gold pieces
 30683 | Orc:2    | Bought a scroll of identify for 60 gold pieces
 30915 | Snake:1  | Entered Level 1 of the Snake Pit
 31581 | Snake:1  | Reached skill level 11 in Armour
 32509 | Snake:1  | Gained mutation: You evolve. [potion of beneficial mutation]
 32777 | Snake:1  | Reached XP level 18. HP: 154/154 MP: 30/30
 32788 | Snake:1  | Reached skill level 12 in Dodging
 33146 | Snake:2  | Found a bloodstained altar of Trog.
 33377 | Snake:2  | Reached skill level 12 in Armour
 33611 | Snake:2  | Identified the +8 short sword "Cefuopnarao" {pierce, +Blink}
 33707 | Snake:2  | Reached skill level 1 in Charms
 33782 | Snake:2  | Reached skill level 1 in Spellcasting
 33782 | Snake:2  | Reached skill level 1 in Necromancy
 34194 | Snake:3  | Reached skill level 2 in Charms
 34202 | Snake:3  | Reached skill level 2 in Spellcasting
 34202 | Snake:3  | Reached skill level 2 in Necromancy
 34458 | Snake:3  | Reached skill level 3 in Charms
 34567 | Snake:3  | Reached skill level 3 in Necromancy
 34673 | Snake:3  | Reached skill level 3 in Spellcasting
 34714 | Snake:3  | Noticed Wiglaf
 34733 | Snake:3  | Killed Wiglaf
 34935 | Snake:3  | Reached skill level 4 in Spellcasting
 35160 | Snake:3  | Reached skill level 5 in Spellcasting
 35256 | Snake:3  | Reached skill level 4 in Charms
 35256 | Snake:3  | Reached skill level 4 in Necromancy
 35923 | Snake:3  | Reached skill level 5 in Charms
 35931 | Snake:3  | Reached skill level 5 in Necromancy
 35966 | Snake:3  | Lost mutation: You evolve. [end of evolution]
 36373 | Snake:4  | Entered Level 4 of the Snake Pit
 36569 | Snake:4  | Reached XP level 19. HP: 161/161 MP: 21/31
 36611 | Snake:4  | Reached skill level 6 in Charms
 36764 | Snake:4  | Reached skill level 6 in Necromancy
 37367 | Snake:4  | Reached skill level 6 in Spellcasting
 37483 | Snake:4  | Reached skill level 7 in Charms
 37506 | Snake:4  | Reached skill level 7 in Necromancy
 37971 | Snake:4  | Reached skill level 8 in Charms
 37989 | Snake:4  | Reached skill level 8 in Necromancy
 38609 | Shoals:1 | Entered Level 1 of the Shoals
 39409 | Shoals:2 | Identified the cursed +0 pair of boots "Huskyc" {rN+}
 39433 | Shoals:2 | Noticed Louise
 39454 | Shoals:2 | Killed Louise
 39854 | Shoals:2 | Reached skill level 13 in Armour
 40220 | Shoals:3 | Reached skill level 13 in Dodging
 40552 | Shoals:3 | Reached XP level 20. HP: 106/168 MP: 32/32
 41670 | Shoals:4 | Entered Level 4 of the Shoals
 41762 | Shoals:4 | Reached skill level 14 in Armour
 41765 | Shoals:4 | Identified Qise's Handbook of Curses (You found it on level 4 of the Shoals)
 42097 | Shoals:4 | Reached skill level 14 in Dodging
 42151 | Shoals:4 | Noticed Polyphemus
 42186 | Shoals:4 | Killed Polyphemus
 42316 | Shoals:4 | Found Esaev's Antique Weapon Boutique.
 42345 | Shoals:4 | Got a barnacled rune of Zot
 42357 | Shoals:4 | Noticed Ilsuiw
 42372 | Shoals:4 | Killed Ilsuiw
 42863 | Shoals:4 | Reached skill level 15 in Dodging
 44264 | Vaults:1 | Entered Level 1 of the Vaults
 44701 | Vaults:1 | Reached XP level 21. HP: 174/174 MP: 33/33
 44924 | Vaults:1 | Identified the +4 trident "Suorph" {freeze, Str+4 Int+2} (You took it off a kobold demonologist on level 1 of the Vaults)
 44948 | Vaults:1 | Reached skill level 16 in Dodging
 46628 | Vaults:1 | Reached skill level 17 in Dodging
 48919 | Vaults:2 | Reached skill level 18 in Fighting
 49064 | Vaults:2 | Found a staircase to the Crypt.
 49064 | Vaults:2 | Found an ancient bone altar of Kikubaaqudgha.
 49065 | Vaults:2 | Found a basalt altar of Yredelemnul.
 49105 | Vaults:3 | Identified the +2 mace "Hyry" {holy, Dex+5}
 49388 | Vaults:3 | Found an ancient bone altar of Kikubaaqudgha.
 49591 | Vaults:3 | Reached skill level 15 in Armour
 49591 | Vaults:3 | Reached XP level 22. HP: 160/184 MP: 27/34
 50550 | Vaults:3 | Reached skill level 16 in Armour
 50782 | Vaults:4 | Identified the +6 chain mail "Fiugoisy" {rElec}
 51680 | Vaults:4 | Reached skill level 17 in Armour
 52963 | Depths:1 | Entered Level 1 of the Depths
 53077 | Depths:1 | Identified the cursed +1 quarterstaff of Dof Qau {crush, MP+9}
 53148 | Depths:1 | Reached skill level 18 in Armour
 53641 | Depths:1 | Reached XP level 23. HP: 154/190 MP: 27/35
 53975 | Depths:1 | Noticed the Enchantress
 53999 | Depths:1 | Reached skill level 19 in Armour
 54109 | Depths:1 | Killed the Enchantress
 54109 | Depths:1 | Identified the +4 faerie dragon armour {*Drain rPois MR+ Str+3} (You took it off the Enchantress on level 1 of the Depths)
 54192 | Depths:1 | Found a one-way gate leading to the halls of Pandemonium.
 54327 | Depths:1 | Learned a level 2 spell: Repel Missiles
 54330 | Depths:1 | Learned a level 2 spell: Swiftness
 54401 | Depths:1 | Reached skill level 1 in Air Magic
 54757 | Depths:1 | Identified the cursed +3 dagger of Massacring {freeze, *Drain rPois rN+}
 54757 | Depths:1 | Found Eoser's Eclectic Emporium.
 54765 | Depths:1 | Bought a scroll of enchant armour for 105 gold pieces
 54844 | Depths:1 | Reached skill level 2 in Air Magic
 55084 | Depths:2 | Reached skill level 3 in Air Magic
 55340 | Depths:2 | Reached skill level 4 in Air Magic
 55621 | Depths:2 | Found a gateway to a ziggurat.
 55666 | Depths:2 | Found a portal to a secret trove of treasure.
 55887 | Depths:2 | Reached skill level 5 in Air Magic
 56148 | Depths:2 | Reached skill level 6 in Air Magic
 56546 | Depths:2 | Reached skill level 7 in Air Magic
 57166 | Depths:2 | Reached skill level 8 in Air Magic
 57307 | Depths:2 | Identified the +6 whip of Qazlal's Castigation {slash, rC+}
 57592 | Depths:3 | Found a flickering gateway to a bazaar.
 57596 | Bazaar   | Entered a bazaar
 57601 | Bazaar   | Found Wiyvvopn's Weapon Emporium.
 57610 | Bazaar   | Found Jaddenn's Magic Scroll Boutique.
 57610 | Bazaar   | Found Homunueg's Book Boutique.
 57629 | Bazaar   | Found Zare's Weapon Shoppe.
 57715 | Bazaar   | Bought a scroll of fog for 24 gold pieces
 57715 | Bazaar   | Bought a scroll of silence for 90 gold pieces
 57763 | Depths:3 | Reached XP level 24. HP: 189/197 MP: 34/35
 57772 | Depths:3 | Reached skill level 9 in Air Magic
 58153 | Depths:3 | Found a one-way gate to the infinite horrors of the Abyss.
 58335 | Depths:3 | Identified the +12 dagger "Onie" {pierce, rF+++ MR- Str-5 Int+4}
 58631 | Depths:3 | Identified the cursed +3 rapier "Ant's Curse" {pain, Str+2} (You took it off a deep elf archer on level 3 of the Depths)
 58923 | Depths:3 | Found an iron altar of Okawaru.
 58925 | Depths:3 | Identified the cursed +0 pair of boots "Daqas" {+Fly}
 59015 | Depths:3 | Reached skill level 18 in Evocations
 59480 | Depths:5 | Entered Level 5 of the Depths
 59593 | Depths:5 | Noticed Boris
 59647 | Depths:5 | Killed Boris
 59699 | Depths:5 | Found a flickering gateway to a bazaar.
 59710 | Depths:5 | Noticed Jory
 59742 | Depths:5 | Killed Jory
 59750 | Bazaar   | Entered a bazaar
 59871 | Bazaar   | Found Jyalicze's Book Shop.
 59871 | Bazaar   | Found Mira's Jewellery Shop.
 59978 | Depths:5 | Reached skill level 19 in Evocations
 60858 | Depths:5 | Reached skill level 20 in Evocations
 61068 | Depths:5 | Found a gate to the Realm of Zot.
 61315 | Depths:5 | Reached XP level 25. HP: 202/204 MP: 37/37
 61932 | Depths:4 | You fall through a shaft!
 62306 | Depths:4 | Reached skill level 21 in Evocations
 62752 | Depths:4 | Identified the ring "Tiots" {+/*Tele Int+4 SInv}
 63902 | Depths:4 | Reached skill level 22 in Evocations
 64790 | Vaults:5 | Entered Level 5 of the Vaults
 64829 | Vaults:5 | Slain by a tentacled monstrosity

Vault maps used:
D:1:      ncdulo_smallfort
D:2:      minmay_crystal_room, uniq_robin, uniq_jessica
D:3:      overflow_temple_1_default, led_xom_imps
D:4:      makhleb_altar_promises_db, minmay_temple_entry_trees, serial_glass,
          glass_columns_b, glass_columns_a
D:5:      kennysheep_ying_yang, first_bread, serial_shops,
          nicolae_shop_statue_plus
D:6:      kennysheep_okawaru_gauntlet, uniq_blork_the_orc
D:7:      gammafunk_temple_overflow_forgotten, enter_bailey_3, the_bakery
D:8:      erik_lair_island, hangedman_glass_garden, hangedman_decor_points
D:9:      hangedman_cross_veins, basic_altar, st_stairs_11,
          kennysheep_decorative_pillar, kennysheep_generic_room_12
D:10:     serial_shops, shop, minmay_crystal_water, onia_ninara_cookie,
          uniq_erica, uniq_nergalle
D:12:     kennysheep_generic_room_16
D:13:     david_vaults_3, basic_altar, roderic_batcave, feat_on_display
D:14:     ashenzari_altar_1
D:15:     grunt_enter_depths_hoard, hangedman_ru_absence
Temple:   oiseaux_autumnal_temple_12
Lair:2:   portal_ice_cave_entry_pillars_03, eino_small_chamber_without_monster
Lair:3:   minmay_shoals_entry_centaurs, infiniplex_staircase_pool, uniq_fannar
Lair:4:   dummy_snake_entry, hibernation_bobbens
Lair:5:   grunt_megastairs_3, infiniplex_staircase_pool_2, serial_bayou_shore_b
Lair:6:   beast_lair_carwin_large_1, serial_bayou_shore_a
Lair:8:   evil_forest, slime_altar_2, kennysheep_snail_temple
Shoals:2: uniq_louise
Shoals:3: nicolae_shoals_isolated_beach
Shoals:4: shoals_end_simple, shoals_ilsuiw_ice, serial_shops, shop,
          nicolae_shoals_undead_eyrie, uniq_polyphemus
Snake:1:  hangedman_cross_stitches, grunt_megastairs_2
Snake:2:  basic_altar
Snake:3:  grunt_ministairs_2, serial_bayou_shore_b, uniq_wiglaf
Snake:4:  grunt_snake_rune_pools
Orc:1:    basic_altar, mines2_david, uniq_gastronok
Orc:2:    st_orc_elflike, basic_altar, statue_in_the_mist_lemuel
Vaults:1: nicolae_vaults_big_ls, nicolae_vaults_yaktaur_gun_rack,
          nicolae_vaults_puzzle_piece, nicolae_vaults_little_squares_1,
          nicolae_vaults_little_squares_5, hangedman_vaults_nodes,
          nicolae_vaults_little_squares_6, grunt_vaults_trifunnel, v_pattern_1,
          vaults_dpeg_hooks, vaults_room_hallway
Vaults:2: v_rooms_3, minmay_crypt_entry_necro_gods, ontoclasm_vaults_twist,
          v_rooms_6, ontoclasm_vaults_fault, ontoclasm_vaults_pinch,
          ontoclasm_vaults_chip, ontoclasm_vaults_eye
Vaults:3: st_diamondy, hangedman_vaults_corner_blocks, ontoclasm_vaults_idyll,
          grunt_vaults_funnel, vaults_room_corners,
          nicolae_vaults_stairing_the_circle, grunt_vaults_focal,
          v_alt_pattern_5, hangedman_vaults_slice, nicolae_vaults_little_ls,
          vaults_dpeg_encased_lava, basic_altar
Vaults:4: vaults_room_corners, v_misc_33, vaults_room_door_ring,
          vaults_mumra_minichess_inversion, v_pattern_3
Vaults:5: uniq_saint_roka
Depths:1: hell_entry, minmay_misc_feat_cross, rand_demon_pan_entry_5,
          minmay_misc_feat_pillars, nicolae_alphabet_shops,
          kennysheep_random_hallway, firewood_loft, uniq_enchantress
Depths:2: grunt_deathspiral_large, enter_ziggurat_b, hangedman_coc_ice_floe,
          enter_trove_3, minmay_misc_feat_hallway, kennysheep_generic_room_15
Depths:3: evilmike_iron_armoury, rand_demon_pan_entry_7, serial_sigils,
          serial_sigils_hangedman_gnaw, serial_sigils_hangedman_clutch,
          serial_sigils_hangedman_scratch, serial_sigils_hangedman_snap,
          serial_sigils_hangedman_writhe, serial_sigils_hangedman_stare,
          infiniplex_staircase_zigzag_1, abyss_entry_crystal, hell_entry,
          serial_shops, bzr_entry_safe
Depths:4: kennysheep_room_grid, hell_entry, bh_chokoban, abyss_entry,
          serial_bayou_ford_a, kennysheep_generic_room_13,
          basic_stair_grate_trap
Depths:5: evilmike_zot_entry_hall, lightli_too_deep, minmay_misc_feat_tiny,
          serial_shops, bzr_entry_customers, nicolae_lava_and_water,
          hangedman_abyss_or_decor_jellyfish_corner, uniq_jory, uniq_boris
Bazaar:   bazaar_jpeg_ribbon, bazaar_jpeg_cross
Bailey:   bailey_axe_1, bailey
IceCv:    ice_cave_caverns_02

Vanquished Creatures
  Boris
  2 golden dragons Jory
  A bone dragon the Enchantress
  4 liches Rupert
  A tentacled monstrosity
  A deep elf blademaster
  3 sphinxes
  A kraken Polyphemus Gastronok
  A shadow dragon
  A storm dragon
  A tengu reaver Wiglaf Ilsuiw
  3 greater nagas Donald
  A draconian knight
  A deep elf sorcerer
  An iron dragon
  9 frost giants
  8 fire giants
  4 vault wardens
  A balrug
  A reaper Louise
  4 orc warlords
  A draconian annihilator
  8 ironheart preservers
  6 spriggan defenders
  8 very ugly things
  17 stone giants
  8 vampire knights
  A salamander stormcaller
  A black draconian
  3 deep elf demonologists
  A dire elephant
  A mottled draconian
  4 spark wasps
  2 white draconians
  16 ettins
  16 fire dragons
  6 merfolk javelineers
  2 vault guards
  16 merfolk impalers
  20 yaktaur captains
  7 entropy weavers Fannar
  5 great orbs of eyes
  8 spriggan air magi
  12 ice dragons
  14 naga warriors
  8 rakshasas
  7 hydras
  15 anacondas
  17 centaur warriors
  A hell beast
  A catoblepas
  7 ogre magi
  A queen ant (shapeshifter)
  Erica
  4 merfolk aquamancers
  An alligator snapping turtle
  An alligator snapping turtle (shapeshifter)
  3 merfolk avatars
  6 deep troll earth magi
  6 tengu warriors
  5 deep troll shamans
  10 death yaks
  3 satyrs
  2 sun demons
  2 vampire magi
  12 shock serpents
  9 spriggan berserkers
  15 naga sharpshooters Nergalle
  3 orc high priests
  4 hell knights
  9 deep elf knights
  2 salamander mystics
  7 skeletal warriors
  2 iron trolls
  2 shadow wraiths
  3 unseen horrors
  4 fire crabs
  23 deep trolls
  A flayed ghost
  17 sea snakes
  15 ironbrand convokers
  5 giant orange brains
  8 naga ritualists
  6 deep elf archers
  A shadow dragon zombie
  13 harpies
  8 mana vipers
  3 wizards
  20 orc knights
  2 wolf spiders
  A shadow dragon skeleton
  6 orc sorcerers
  6 cyclopes
  2 hornets
  11 manticores
  A hornet (shapeshifter)
  19 deep elf magi
  12 hill giants
  4 necromancers
  17 salamanders
  3 water nymphs
  12 fauns
  11 griffons
  33 ugly things
  39 elephants
  9 guardian serpents
  11 sirens
  9 vault sentinels
  56 black mambas
  A black mamba (shapeshifter)
  13 spiny frogs
  An ice statue
  A gargoyle
  23 naga magi
  4 torpor snails
  A hellion
  A smoke demon
  3 centaur skeletons
  2 orange demons
  A spiny frog (shapeshifter)
  3 kobold demonologists
  66 yaktaurs
  6 fire drakes
  13 komodo dragons
  11 trolls
  A hellwing
  3 harpy zombies
  A yaktaur (shapeshifter)
  A troll (shapeshifter)
  6 ice devils
  3 red devils
  4 freezing wraiths
  6 tengu conjurers
  28 merfolk
  A polar bear (shapeshifter)
  12 two-headed ogres
  16 polar bears
  A jumping spider
  A wind drake (shapeshifter)
  17 blink frogs
  A snapping turtle (shapeshifter)
  A harpy skeleton
  An elf zombie
  39 slime creatures
  2 snapping turtles
  2 hornet zombies
  A shadow
  A human simulacrum
  6 boulder beetles
  69 yaks
  2 wraiths
  14 spriggans
  12 water elementals
  2 tarantellas
  A ynoxinul
  A tarantella (shapeshifter)
  16 humans
  A spriggan (shapeshifter)
  2 fire bats
  A steam dragon
  8 air elementals
  18 redbacks
  2 wyverns
  3 basilisks
  A vampire
  14 vampire mosquitoes
  A fire bat (shapeshifter)
  11 hippogriffs
  4 mottled dragons
  27 wolves
  55 nagas
  13 water moccasins
  4 wargs
  4 hungry ghosts
  3 black bears
  12 porcupines
  A soldier ant
  A hell hound
  A necrophage
  5 phantoms
  4 ice beasts
  A porcupine (shapeshifter)
  2 eyes of draining
  35 orc warriors
  7 sky beasts
  40 ogres
  13 wasps
  13 boggarts
  28 giant frogs
  19 centaurs
  12 crocodiles
  3 big kobolds Blork the orc
  A wyvern zombie
  A water moccasin zombie
  2 gnoll sergeants
  5 scorpions
  A hippogriff zombie
  9 wights
  8 electric eels
  5 vampire bats
  13 crimson imps
  3 centaur zombies
  10 hounds
  2 jellies
  A quasit
  16 orc priests
  A giant frog zombie
  A gnoll shaman
  9 iguanas
  5 giant frog skeletons
  17 orc wizards Jessica
  10 worker ants
  21 sheep
  A hound zombie
  2 hound skeletons
  2 worker ant zombies Robin
  17 gnolls
  11 adders
  62 river rats
  A shadow imp
  2 giant eyeballs
  An ufetubus
  3 adder skeletons
  A worm
  6 giant geckos
  90 orcs
  3 ball pythons
  14 bats
  3 giant cockroaches
  19 goblins
  12 hobgoblins
  13 jackals
  4 quokkas
  2 giant gecko skeletons
  2 giant gecko zombies
  5 giant newts
  21 kobolds
  A quokka skeleton
  A quokka zombie
  7 rats
  8 fungi
  21 plants
  7 tentacles
  77 tentacle segments
2155 creatures vanquished.
